 Dungeon Crawl Stone Soup version 0.31.0-32-g396128a36d (webtiles) character file.

Game seed: 14873886960315820476

174587 spaghetti the Brawler (level 17, -4/157 HPs)
             Began as a Naga Chaos Knight on Apr 4, 2024.
             Was a Believer of Kikubaaqudgha.
             Slain by a formless jellyfish (15 damage)
             ... while paralysed by a formless jellyfish
             ... on level 1 of the Vaults.
             The game lasted 01:06:52 (34902 turns).

spaghetti the Brawler (Naga Chaos Knight)          Turns: 34902, Time: 01:06:52

Health: -4/157     AC: 23    Str: 21      XL:     17   Next: 79%
Magic:  19/40      EV: -2    Int: 32 (33) God:    Kikubaaqudgha [**....]
Gold:   1939       SH:  0    Dex: 13 (14) Spells: 6/34 levels left

rFire   . .          .
                       - Unarmed
rCold   . . .        E - orb {*channel}
rNeg    . . .        Y - +1 leather armour "Gijezot" {*Corrode Int+5}
rPois   +            x - +3 hat of Pondering {ponderous, Will+ MP+10 Int+5}
rElec   .            a - +2 cloak of the Lair of Beasts {Str+2}
rCorr   +            X - +1 pair of gloves
SInv    +            (no barding)
Will    ++++.        r - amulet of regeneration
Stlth   +            S - +4 ring of protection
HPRegen 1.26/turn    d - ring of Quitu {rPois Will+ rCorr Dex+6}
MPRegen 0.27/turn

%: corrode self (3%), clarity, channel magic (20%)
@: paralysed, lethally poisoned (-4 -> -15), death channelling, animating dead,
constricted, very slow
A: AC +5, large, see invisible, deformed body, poison resistance, slowness 2,
spit poison 1, naga tail 2, fangs 1, iridescent scales 1, clarity, clever 1,
deterioration 2, passive freeze, strong 1, wild magic 1, MP-powered wands
}: 1/15 runes: gossamer
a: Spit Poison, Renounce Religion, Unearth Wretches


You were on level 1 of the Vaults.
You worshipped Kikubaaqudgha.
Kikubaaqudgha was pleased with you.
You visited 6 branches of the dungeon, and saw 27 of its levels.

You collected 3394 gold pieces.
You spent 1455 gold pieces at shops.

Inventory:

Missiles
 g - 13 javelins
 s - 2 silver javelins
 v - a throwing net
Armour
 a - the +2 cloak of the Lair of Beasts (worn) {Str+2}
   (You bought it in a shop on level 6 of the Dungeon)

   Str+2:     It affects your strength (+2).
 q - a +3 leather armour of fire resistance
 u - an orb of guile
 x - the +3 hat of Pondering (worn) {ponderous, Will+ MP+10 Int+5}
   (You took it off Gastronok on level 1 of the Lair of Beasts)

   Int+5:     It affects your intelligence (+5).
   Will+:     It increases your willpower.
   MP+10:     It affects your magic capacity (+10).
 E - an orb of energy (worn)
 X - a +1 pair of gloves (worn)
 Y - the +1 leather armour "Gijezot" (worn) {*Corrode Int+5}
   (You bought it in a shop on level 1 of the Orcish Mines)

   Int+5:     It affects your intelligence (+5).
   *Corrode:  It may corrode you when you take damage.
Jewellery
 d - the ring of Quitu (right hand) {rPois Will+ rCorr Dex+6}
   (You found it on level 7 of the Dungeon)

   [ring of resist corrosion]

   Dex+6:     It affects your dexterity (+6).
   rPois:     It protects you from poison Will+: It increases your willpower.
   rCorr:     It protects you from acid and corrosion.
 i - a ring of resist corrosion
 j - the ring "Arequegg" {rElec rPois rF+ Int-3 SInv}
   (You took it off a kobold demonologist on level 10 of the Dungeon)

   [ring of protection from fire]

   Int-3:     It affects your intelligence (-3).
   rF+:       It protects you from fire.
   rElec:     It insulates you from electricity.
   rPois:     It protects you from poison SInv: It lets you see invisible.
 m - an amulet of magic regeneration
 p - a ring of protection from cold
 r - an amulet of regeneration (around neck)
 y - an amulet of reflection
 A - a ring of positive energy
 S - a +4 ring of protection (left hand)
Wands
 n - a wand of mindburst (31)
 G - a wand of flame (31)
 H - a wand of roots (26)
 V - a wand of charming (7)
Scrolls
 e - 4 scrolls of noise
 f - 4 scrolls of revelation
 h - a scroll of silence
 o - a scroll of torment
 t - a scroll of teleportation
 z - 3 scrolls of enchant weapon
 D - 2 scrolls of vulnerability
 F - 3 scrolls of brand weapon
 K - a scroll of immolation
 M - a scroll of poison
 N - a scroll of butterflies
 T - a scroll of enchant armour
 U - a scroll of fog
 W - 2 scrolls of blinking
Potions
 b - a potion of haste
 l - 2 potions of cancellation
 w - 8 potions of ambrosia
 B - 3 potions of might
 C - a potion of lignification
 I - a potion of brilliance
 J - a potion of invisibility
 L - 4 potions of resistance
 P - a potion of magic
 Q - 4 potions of curing
 R - a potion of mutation
 Z - a potion of heal wounds
Miscellaneous
 c - a condenser vane (inert)
 O - a lightning rod (4/4)


   Skills:
 + Level 11.5 Fighting
 - Level 5.3 Armour
 + Level 9.3 Dodging
 + Level 15.7 Unarmed Combat
 * Level 9.1 Spellcasting
 + Level 14.0 Necromancy
 + Level 12.2 Translocations
 + Level 9.7 Evocations


You had 6 spell levels left.
You knew the following spells:

 Your Spells              Type           Power      Damage    Failure   Level
a - Teleport Other        Tloc           88%        N/A       2%          3
b - Sublimation of Blood  Necr           94%        N/A       1%          2
c - Death Channel         Necr           47%        N/A       12%         6
d - Animate Dead          Necr           94%        N/A       3%          4
e - Fugue of the Fallen   Necr           94%        N/A       2%          3
f - Dispersal             Tloc           44%        N/A       17%         6
g - Manifold Assault      Tloc           88%        N/A       4%          4

Your spell library contained the following spells:

 Spells                   Type           Power      Damage    Failure   Level
 Apportation              Tloc           100%       N/A       1%          1
 Necrotise                Necr           100%       1d9       1%          1
 Gell's Gravitas          Tloc           88%        N/A       2%          3
 Vampiric Draining        Necr           94%        2d12      2%          3
 Dispel Undead            Necr           94%        3d30      3%          4
 Kiss of Death            Conj/Necr      100%       2d13      4%          1
 Curse of Agony           Necr           94%        N/A       5%          5
 Cigotuvi's Dreadful Rot  Necr/Alch/Air  100%       N/A       8%          2
 Anguish                  Hex/Necr       33%        N/A       13%         4
 Martyr's Knell           Necr/Summ      67%        N/A       13%         4
 Sandblast                Erth           38%        2d10      17%         1
 Ensorcelled Hibernation  Hex/Ice        38%        N/A       24%         2
 Jinxbite                 Hex            38%        N/A       24%         2
 Borgnjor's Vile Clutch   Necr/Erth      33%        N/A       24%         5
 Ozocubu's Armour         Ice            19%        N/A       36%         3
 Passwall                 Erth           19%        N/A       36%         3
 Stone Arrow              Conj/Erth      38%        3d9       36%         3
 Brom's Barrelling Bould  Conj/Erth      19%        2d4       67%         4
 Ignite Poison            Fire/Alch      19%        N/A       67%         4
 Olgreb's Toxic Radiance  Alch           19%        N/A       67%         4
 Alistair's Intoxication  Alch           12%        N/A       91%         5
 Freezing Cloud           Conj/Ice/Air   9%         6-21      91%         5
 Ozocubu's Refrigeration  Ice            9%         4d9       100%        7
 Discord                  Hex            9%         N/A       100%        8


Dungeon Overview and Level Annotations

Branches:
Dungeon (15/15)            Temple (1/1) D:7            Lair (5/5) D:9
  Swamp (0/4) Lair:2       Spider (4/4) Lair:3        Slime (0/5) Lair:5
    Orc (1/2) D:9          Vaults (1/5) D:14         Depths (0/4) D:15

Altars:
Ashenzari
Cheibriados
Dithmenos
Elyvilon
Fedhas
Gozag
Hepliaklqana
Kikubaaqudgha
Makhleb
Nemelex Xobeh
Okawaru
Qazlal
Ru
Sif Muna
Trog
Uskayaw
Vehumet
Wu Jian
Xom
Yredelemnul
Zin
The Shining One

Shops:
D:1 (   D:6 [   D:15 [   Orc:1 *

Annotations:
D:11 exclusion: door
Lair:1 2 transporters
Lair:3 2 transporters


Innate Abilities, Weirdness & Mutations

Your serpentine skin is tough. (AC +5)
You have supernaturally acute eyesight. (SInv)
Armour fits poorly on your strangely shaped body.
Your system is resistant to poisons. (rPois)
You cover ground very slowly.
You can spit poison.
You can use your snake-like lower body to constrict enemies.
You have very sharp teeth.
You are partially covered in iridescent scales. (AC +2)
You possess an exceptional clarity of mind.
Your mind is acute. (Int +4, Str/Dex -1)
Your body often deteriorates upon taking damage.
A frigid envelope surrounds you and freezes all who hurt you.
Your muscles are strong. (Str +4, Int/Dex -1)
Your spells are a little harder to cast, but a little more powerful.
You expend magic power (3 MP) to strengthen your wands.


Message History

The purple ugly thing basks in the mutagenic energy from its kin and changes!
Your ironbound convoker zombie misses the white ugly thing.
You hit the formless jellyfish.
The formless jellyfish is heavily wounded.
The formless jellyfish stings you but does no damage.
The formless jellyfish is very cold.
The formless jellyfish is heavily wounded.
The formless jellyfish constricts you.
The white ugly thing kicks your lindwurm zombie!
The white ugly thing freezes your lindwurm zombie.
Your lindwurm zombie resists.
Your lindwurm zombie bites the white ugly thing!
The white ugly thing dies!
Kikubaaqudgha accepts your kill.
A glowing mist starts to gather...
You hit the formless jellyfish. You bite the formless jellyfish.
The formless jellyfish is heavily wounded.
Your stone giant zombie hits the formless jellyfish.
Something touches your lindwurm zombie!!!
Something freezes your lindwurm zombie.
Your lindwurm zombie resists.
Something completely misses your ironbound convoker zombie.
The formless jellyfish stings you!
* * * LOW HITPOINT WARNING * * *
You suddenly lose the ability to move!
You are poisoned.
The formless jellyfish poisons you!
The formless jellyfish is very cold.
The formless jellyfish is severely wounded.
The formless jellyfish constricts you.
* * * LOW HITPOINT WARNING * * *
Something hits your ironbound convoker zombie!
You hear a shout!
* * * LOW HITPOINT WARNING * * *
You feel very sick.
The white ugly thing headbutts your ironbound convoker zombie!
The white ugly thing freezes your ironbound convoker zombie.
Your ironbound convoker zombie resists.
The formless jellyfish stings you!
You die...
Kikubaaqudgha rasps: "You have failed me!
Welcome... death!"

#...# +....).#
#.∩.#
#......####...#
#......#......#
#......#......#
#......#......#
#..ZZ..#...####
#..ZZZJ#...#
#.$ZZZ@Z...#
#.ZZZZ.#####
###)####


uZ. ..Z.. ..#.p#. ......u .... .. #### ## You could see a formless jellyfish
(ally target), a white ugly thing, a friendly spectral lindwurm, a friendly
spectral boulder beetle, a friendly spectral ugly thing, a friendly spectral
deep troll, a friendly spectral vault sentinel, a friendly spectral ironbound
thunderhulk, a friendly spectral arcanist, a friendly lindwurm zombie, a
friendly deep troll zombie, a friendly stone giant zombie, a friendly vault
sentinel zombie, a friendly ironbound convoker zombie, a friendly ironbound
preserver zombie, a friendly ironbound thunderhulk zombie and a friendly
arcanist zombie.

Vanquished Creatures
  Nikola (Spider:1)
  Mlioglotl (Spider:4)
  Gastronok (Lair:1)
  4 emperor scorpions
  2 ghost moths (Spider:3)
  An ironbound preserver (Vaults:1)
  A minotaur (D:11)
  A spark wasp (Spider:4)
  An ettin (Orc:1)
  3 entropy weavers
  An ice dragon (D:15)
  2 hydras
  4 radroaches
  4 catoblepae
  5 centaur warriors
  A peacekeeper (D:14)
  A two-headed ogre (D:9)
  10 boulder beetles
  A tengu warrior (D:15)
  7 death yaks (Lair:5)
  12 demonic crawlers
  3 pharaoh ants (Spider:1)
  2 skysharks (Lair:2)
  A deep troll (Vaults:1)
  4 steelbarb worms
  A sun moth (Spider:4)
  3 orb spiders
  2 arcanists
  A wolf spider zombie (Spider:4)
  10 wolf spiders
  2 ugly things
  3 deep elf pyromancers
  3 cyclopes
  2 manticores
  13 meliai
  A kobold blastminer (Orc:1)
  3 moths of wrath
  8 elephants
  5 black mambas
  A rust devil (Spider:3)
  A torpor snail (Spider:2)
  A vault sentinel (Vaults:1)
  An eye of devastation (Lair:1)
  A gargoyle (D:11)
  6 cane toads
  Maggie (D:8)
  11 komodo dragons
  2 kobold demonologists (D:10)
  An unseen horror (D:11)
  A yaktaur (D:15)
  A troll (D:13)
  A queen bee (D:13)
  A troll (shapeshifter) (D:14)
  A tyrant leech (Lair:2)
  Prince Ribbit (D:8)
  2 polar bears (Lair:4)
  12 tarantellas
  A culicivora zombie (Spider:4)
  5 dream sheep
  10 blink frogs
  10 culicivoras
  10 jumping spiders
  A slime creature (D:15)
  3 shadows
  4 wyverns
  A vampire (D:10)
  5 wraiths
  4 basilisks
  47 yaks
  18 redbacks
  Grum (D:8)
  3 steam dragons
  22 vampire mosquitoes
  Menkaure (D:7)
  2 swamp worms (Lair:2)
  6 water moccasins
  3 acid dragons
  Duvessa (D:6)
  An ice beast (D:5)
  A sky beast (D:7)
  15 orc warriors
  A hornet zombie (D:8)
  5 black bears
  13 centaurs
  6 wolves
  2 ogres
  6 phantoms
  4 kobold brigands
  8 bullfrogs
  2 gnoll sergeants
  A scorpion (D:7)
  20 wights
  Dowan (D:6)
  21 killer bees
  A yak zombie (Lair:5)
  4 howler monkeys
  An electric eel (Lair:3)
  4 bombardier beetles
  3 centaur zombies (D:8)
  3 jellies
  4 hounds
  10 orc priests
  A gnoll bouda (D:9)
  19 orc wizards
  5 iguanas
  A sleepcap (D:6)
  3 gnolls (D:9)
  8 adders
  A shadow imp (D:5)
  3 white imps
  5 dart slugs
  63 orcs
  10 ball pythons
  3 bats
  7 endoplasms
  2 giant cockroaches
  2 goblins
  7 hobgoblins
  A jackal (D:9)
  22 kobolds
  8 quokkas
  7 frilled lizards
  4 rats
654 creatures vanquished.

Vanquished Creatures (collateral kills)
  Frances (Spider:1)
  An azure jelly (Lair:5)
  An emperor scorpion (Spider:3)
  3 ghost moths
  A stone giant (Vaults:1)
  A broodmother (Spider:4)
  2 spark wasps
  An ettin (Orc:1)
  2 entropy weavers
  An ice dragon (D:15)
  A hydra (Lair:5)
  2 boulder beetles (Spider:4)
  A catoblepas (Lair:5)
  A radroach (Spider:1)
  A two-headed ogre (D:10)
  5 death yaks (Lair:5)
  8 demonic crawlers
  3 pharaoh ants
  A sun moth (Spider:2)
  3 orb spiders
  An ironbound convoker (Vaults:1)
  3 steelbarb worms (Spider:4)
  An arcanist (D:14)
  An orc knight (Orc:1)
  9 wolf spiders
  An ugly thing (Vaults:1)
  A manticore (Lair:5)
  3 meliai
  A kobold blastminer (Orc:1)
  12 elephants
  An elephant (shapeshifter) (Spider:1)
  A moth of wrath (Spider:2)
  3 slime creatures (D:15)
  A torpor snail (Spider:4)
  A molten gargoyle (D:15)
  A vault sentinel (Vaults:1)
  3 cane toads
  2 komodo dragons
  A tengu conjurer (D:15)
  12 tarantellas
  3 dream sheep
  7 jumping spiders
  9 blink frogs
  8 culicivoras
  A warg (Orc:1)
  27 yaks
  4 basilisks
  25 redbacks
  2 water moccasins
  5 orc warriors (Orc:1)
  A kobold brigand (D:10)
  3 bullfrogs
  A killer bee (D:10)
  A howler monkey (D:6)
  An electric eel (Lair:3)
  4 orc priests
  An orc wizard (Orc:1)
  A shadow imp (D:7)
  6 orcs
209 creatures vanquished.

Vanquished Creatures (others)
  An eldritch tentacle (D:7)
  A ghost moth (Spider:4)
  An ironbound thunderhulk (Vaults:1)
  3 boulder beetles
  A two-headed ogre (Orc:1)
  A death yak (Lair:5)
  A spark wasp zombie (Spider:1)
  A ghost moth zombie (Spider:4)
  A lindwurm (Vaults:1)
  An orc knight (Orc:1)
  A centaur zombie (D:15)
  3 death yak zombies (Lair:5)
  A torpor snail (Spider:4)
  A catoblepas zombie (Lair:5)
  A steelbarb worm zombie (Spider:4)
  9 redback zombies
  An orb spider zombie (Spider:2)
  7 demonic crawler zombies
  A hydra zombie (Lair:5)
  4 tarantella zombies (Spider:1)
  3 culicivora zombies
  2 dream sheep (Lair:3)
  3 boulder beetle zombies
  A jumping spider (Spider:4)
  6 meliai zombies
  A slime creature (D:10)
  2 black mamba zombies
  A culicivora (Spider:4)
  A slime creature zombie (D:15)
  A warg (Orc:1)
  A redback (Spider:4)
  A skyshark zombie (Lair:2)
  A two-headed ogre zombie (Orc:1)
  A cane toad zombie (Lair:4)
  3 blink frog zombies (Lair:1)
  5 elephant zombies
  2 manticore zombies (Lair:5)
  A torpor snail zombie (Spider:4)
  A komodo dragon zombie (Lair:4)
  A yaktaur zombie (D:15)
  A human zombie (Vaults:1)
  A cyclops zombie (D:15)
  A water moccasin zombie (Lair:2)
  2 warg zombies (Orc:1)
  A wyvern zombie (Lair:5)
  A polar bear zombie (Lair:4)
  13 yak zombies
  A killer bee (D:10)
  A howler monkey (D:10)
  A wolf zombie (Lair:4)
  A bullfrog zombie (Lair:3)
  2 basilisk zombies
  An orc wizard (D:3)
  A goblin (D:10)
  11 orc zombies (Orc:1)
118 creatures vanquished.

Grand Total: 981 creatures vanquished

Notes
Turn   | Place    | Note
-------+----------+-------------------------------------------
     0 | D:1      | spaghetti the Naga Chaos Knight began the quest for the
                  | Orb.
     0 | D:1      | Reached XP level 1. HP: 21/21 MP: 1/1
    39 | D:1      | XOM: smoke on damage
    48 | D:1      | XOM: silly message
   159 | D:1      | Reached XP level 2. HP: 27/28 MP: 2/2
   196 | D:1      | Found Addoluv's Weapon Shop.
   255 | D:1      | XOM: smoke on damage
   347 | D:1      | XOM: silly message
   487 | D:1      | Reached skill level 4 in Unarmed Combat
   559 | D:1      | Reached XP level 3. HP: 31/34 MP: 3/3
   637 | D:1      | XOM: noise
   693 | D:1      | Found a faded altar of an unknown god.
   705 | D:1      | Got Plato's Grimoire of Shifting
   760 | D:1      | Gained mutation: You have a pair of small antennae on your
                  | head. [potion of mutation]
  1163 | D:2      | XOM: divination: magic mapping
  1712 | D:2      | Reached XP level 4. HP: 41/42 MP: 4/4
  1940 | D:2      | XOM is BORED!
  2040 | D:3      | XOM: potion effect (might)
  2046 | D:3      | Reached skill level 5 in Unarmed Combat
  2101 | D:3      | XOM: silly message
  2141 | D:3      | Identified the +5 whip of Dissolution {flame, rC+}
  2160 | D:3      | Reached XP level 5. HP: 30/49 MP: 5/5
  2319 | D:3      | XOM: divination: magic mapping
  3035 | D:4      | Noticed a phantom
  3040 | D:4      | Lost mutation: You have a pair of small antennae on your
                  | head. [potion of mutation]
  3040 | D:4      | Gained mutation: Your health recovers twice as slowly from
                  | being drained. [potion of mutation]
  3043 | D:4      | XOM: potion effect (berserk rage)
  3047 | D:4      | Killed a phantom
  3048 | D:4      | Reached skill level 6 in Unarmed Combat
  3048 | D:4      | Reached XP level 6. HP: 56/56 MP: 6/6
  3149 | D:4      | XOM: silly message
  3300 | D:4      | Reached skill level 7 in Unarmed Combat
  3400 | D:4      | XOM: 1-stop teleportation journey
  3531 | D:4      | Found a blossoming altar of Fedhas.
  3532 | D:4      | Found a bloodstained altar of Trog.
  3533 | D:4      | Found an iron altar of Okawaru.
  3543 | D:4      | Found a glowing golden altar of the Shining One.
  3546 | D:4      | Found a snail-covered altar of Cheibriados.
  3908 | D:4      | XOM: give mutations
  3908 | D:4      | Gained mutation: Your tail ends in a venomous barb. [Xom's
                  | grace]
  3908 | D:4      | Gained mutation: You are partially covered in iridescent
                  | scales. (AC +2) [Xom's grace]
  3908 | D:4      | Gained mutation: Your spells are a little harder to cast,
                  | but a little more powerful. [Xom's grace]
  3935 | D:4      | XOM: give mutations
  3935 | D:4      | Gained mutation: Your muscles are strong. (Str +4, Int/Dex
                  | -1) [Xom's grace]
  3935 | D:4      | Gained mutation: Your spells are harder to cast, but more
                  | powerful. [Xom's grace]
  3935 | D:4      | Gained mutation: You have a somewhat thin skeletal
                  | structure. (Dex +2, Stealth+) [Xom's grace]
  3935 | D:4      | Gained mutation: You have sharp fingernails. [Xom's grace]
  3969 | D:4      | XOM: god gift: great sword {god gift}
  4037 | D:5      | Entered Level 5 of the Dungeon
  4047 | D:5      | Reached skill level 8 in Unarmed Combat
  4047 | D:5      | Reached XP level 7. HP: 58/62 MP: 7/7
  4074 | D:5      | Found a shadowy altar of Dithmenos.
  4136 | D:5      | Reached skill level 9 in Unarmed Combat
  4359 | D:5      | XOM: chaos upgrade
  4574 | D:5      | XOM: summons 3 hostile demons
  4581 | D:5      | Reached XP level 8. HP: 29/69 MP: 8/8
  4878 | D:5      | Reached skill level 10 in Unarmed Combat
  4927 | D:5      | XOM: give mutations
  4927 | D:5      | Gained mutation: You are strong-willed. (Will+) [Xom's
                  | mischief]
  4927 | D:5      | Lost mutation: Your tail ends in a venomous barb. [Xom's
                  | mischief]
  4927 | D:5      | Lost mutation: Your health recovers twice as slowly from
                  | being drained. [Xom's mischief]
  4985 | D:5      | Learned a level 3 spell: Teleport Other
  5007 | D:5      | Reached skill level 1 in Translocations
  5564 | D:5      | XOM: fog
  5566 | D:5      | XOM: potion effect (berserk rage)
  5571 | D:5      | Reached XP level 9. HP: 75/75 MP: 9/9
  5577 | D:5      | XOM: noise
  5583 | D:5      | Learned a level 4 spell: Manifold Assault
  5592 | D:5      | Reached skill level 11 in Unarmed Combat
  5690 | D:5      | XOM: draining
  5791 | D:6      | XOM: cloud trail
  5884 | D:6      | XOM: summons 7 friendly demons
  6076 | D:6      | Found Liniof's Antique Armour Boutique.
  6076 | D:6      | XOM: 8-stop teleportation journey
  6139 | D:6      | Noticed Dowan
  6148 | D:6      | Killed Dowan
  6149 | D:6      | Noticed Duvessa
  6158 | D:6      | Killed Duvessa
  6270 | D:6      | Found a basalt altar of Yredelemnul.
  6384 | D:6      | XOM: stat loss: -1 Dex (10/11)
  6390 | D:6      | Bought a scorched cloak for 256 gold pieces
  6390 | D:6      | Identified the +2 cloak of the Lair of Beasts {Str+2} (You
                  | bought it in a shop on level 6 of the Dungeon)
  6596 | D:6      | XOM: cloud trail
  6748 | D:7      | Reached skill level 5 in Translocations
  6776 | D:7      | XOM: cast spell 'Malign Gateway'
  6777 | D:7      | XOM: enchant monster (good)
  6781 | D:7      | Noticed Menkaure
  6784 | D:7      | Killed Menkaure
  6837 | D:7      | Identified the ring of Quitu {rPois Will+ rCorr Dex+6}
  6882 | D:7      | Reached skill level 1 in Dodging
  6904 | D:7      | XOM: god gift: 2 silver javelins
  6936 | D:7      | Identified the +10 spear of Bespelled Innocence {flame,
                  | Int+3 Dex+3}
  6950 | D:7      | XOM: scenery: create altars
  6959 | D:7      | XOM: enchant monster (good)
  6969 | D:7      | Found a shimmering altar of Xom.
  6969 | D:7      | Found a shimmering altar of Xom.
  6985 | D:7      | XOM: 3-stop teleportation journey
  7071 | D:7      | XOM: 6-stop teleportation journey
  7119 | D:7      | XOM: 7-stop teleportation journey
  7139 | D:7      | Found a staircase to the Ecumenical Temple.
  7251 | D:7      | Found a shimmering altar of Xom.
  7267 | D:7      | Found a shimmering altar of Xom.
  7279 | D:7      | Found a shimmering altar of Xom.
  7280 | D:7      | Found a shimmering altar of Xom.
  7280 | D:7      | Found a shimmering altar of Xom.
  7281 | D:7      | Found a shimmering altar of Xom.
  7753 | D:8      | Noticed Maggie
  7759 | D:8      | XOM: enchant monster (good)
  7769 | D:8      | Killed Maggie
  7770 | D:8      | Reached skill level 12 in Unarmed Combat
  7770 | D:8      | Reached XP level 10. HP: 51/86 MP: 10/10
  7791 | D:8      | XOM: scenery: 2 doors open
  8045 | D:8      | XOM: 1-stop teleportation journey
  8194 | D:8      | Noticed Prince Ribbit
  8194 | D:8      | XOM: confusion (+ monsters)
  8197 | D:8      | XOM: confuse monster(s)
  8200 | D:8      | XOM: scenery: 1 doors close
  8205 | D:8      | Killed Prince Ribbit
  8262 | D:8      | XOM: confuse monster(s)
  8271 | D:8      | Noticed Grum
  8271 | D:8      | XOM: 2-stop teleportation journey
  8276 | D:8      | XOM: noise
  8283 | D:8      | Killed Grum
  8293 | D:8      | Reached skill level 5 in Fighting
  8339 | D:8      | XOM: 2-stop teleportation journey
  8537 | D:8      | XOM: give mutations
  8537 | D:8      | Gained mutation: Your movements are slightly less
                  | encumbered by armour. (ER -2) [Xom's grace]
  8537 | D:8      | Gained mutation: You have an increased reservoir of magic.
                  | (+10% MP) [Xom's grace]
  8537 | D:8      | Gained mutation: Your mind is acute. (Int +4, Str/Dex -1)
                  | [Xom's grace]
  8537 | D:8      | Gained mutation: Your muscles are very strong. (Str +8,
                  | Int/Dex -2) [Xom's grace]
  8935 | D:9      | Noticed a red ugly thing
  8936 | D:9      | XOM: enchant monster (bad)
  8942 | D:9      | XOM: cast spell 'Dispersal'
  9058 | D:9      | Found a hazy altar of Hepliaklqana.
  9059 | D:9      | Found a hide-covered altar of Uskayaw.
  9136 | D:9      | XOM: 1-stop teleportation journey
  9139 | D:9      | XOM: swap monsters
  9141 | D:9      | XOM: swap monsters
  9142 | D:9      | XOM: blink monster(s)
  9153 | D:9      | XOM: 4-stop teleportation journey
  9361 | D:9      | XOM: give mutations
  9361 | D:9      | Lost mutation: You have an increased reservoir of magic.
                  | (+10% MP) [Xom's mischief]
  9361 | D:9      | Lost mutation: Your muscles are very strong. (Str +8,
                  | Int/Dex -2) [Xom's mischief]
  9361 | D:9      | Gained mutation: You are agile. (Dex +4, Str/Int -1) [Xom's
                  | mischief]
  9361 | D:9      | Lost mutation: You have a somewhat thin skeletal structure.
                  | (Dex +2, Stealth+) [Xom's mischief]
  9364 | D:9      | XOM: swap monsters
  9496 | D:9      | Found a staircase to the Orcish Mines.
  9680 | D:9      | XOM: summons 6 hostile demons
  9738 | D:9      | XOM: 5-stop teleportation journey
  9984 | D:9      | XOM: give mutation
  9984 | D:9      | Lost mutation: You are partially covered in iridescent
                  | scales. (AC +2) [Xom's mischief]
 10074 | D:9      | XOM: summons 3 hostile shadow creatures
 10083 | D:9      | Reached XP level 11. HP: 41/97 MP: 11/11
 10109 | D:10     | Entered Level 10 of the Dungeon
 10411 | D:10     | XOM: 1-stop teleportation journey
 10470 | D:10     | XOM: 2-stop teleportation journey
 10476 | D:10     | XOM: draining
 10497 | D:10     | Noticed a manticore
 10501 | D:10     | XOM: polymorph centaur -> giant cockroach
 10507 | D:10     | XOM: potion effect (brilliance)
 10512 | D:10     | XOM: scenery: create altars
 10514 | D:10     | XOM: polymorph centaur -> goblin
 10517 | D:10     | Killed a manticore
 10518 | D:10     | Reached skill level 13 in Unarmed Combat
 10522 | D:10     | Reached skill level 5 in Dodging
 10537 | D:10     | Identified the ring "Arequegg" {rElec rPois rF+ Int-3 SInv}
 10561 | D:10     | XOM: fog
 10747 | D:9      | XOM: summons friendly shadow imp
 10810 | D:10     | XOM: 9-stop teleportation journey
 10866 | D:10     | XOM: scenery: summon butterflies
 10879 | D:10     | Noticed a centaur warrior
 10888 | D:10     | XOM: potion effect (curing)
 10892 | D:10     | Killed a centaur warrior
 10999 | D:10     | XOM: cloud trail
 11163 | D:10     | Noticed a two-headed ogre
 11208 | D:10     | XOM: butterfly on damage
 11211 | D:10     | Killed a two-headed ogre
 11530 | D:10     | XOM: summons 2 friendly demons
 11540 | D:10     | XOM: scenery: create altars
 12050 | D:11     | Found a runed translucent door.
 12184 | D:11     | XOM: give mutations
 12184 | D:11     | Gained mutation: You are covered in fur. (AC +1) [Xom's
                  | grace]
 12184 | D:11     | Gained mutation: You expend magic power (3 MP) to
                  | strengthen your wands. [Xom's grace]
 12184 | D:11     | Gained mutation: You possess an exceptional clarity of
                  | mind. [Xom's grace]
 12184 | D:11     | Gained mutation: Your mind is very acute. (Int +8, Str/Dex
                  | -2) [Xom's grace]
 12330 | D:11     | XOM: 3-stop teleportation journey
 12388 | D:11     | XOM: summons friendly white imp
 12480 | D:11     | XOM: 4-stop teleportation journey
 12491 | D:11     | Reached XP level 12. HP: 94/110 MP: 12/12
 12633 | D:11     | XOM: 5-stop teleportation journey
 12653 | D:11     | XOM: swap monsters
 12770 | D:11     | XOM: silly message
 12874 | D:11     | Noticed a minotaur
 13280 | D:11     | XOM: summons 2 hostile shadow creatures
 13409 | D:10     | XOM: summons 2 hostile demons
 13410 | D:10     | XOM: silly message
 13684 | D:11     | XOM: summons 1 hostile demon
 13703 | D:11     | HP: 7/165 [minotaur (3)]
 13704 | D:11     | Killed a minotaur
 13771 | D:11     | XOM: silly message
 13803 | D:11     | XOM: silly message
 13996 | D:11     | XOM: stat loss: -1 Dex (16/17)
 14114 | D:12     | XOM: silly message
 14115 | D:12     | XOM: stat loss: -1 Str (17/18)
 14168 | D:12     | XOM: blink monster(s)
 14169 | D:12     | XOM: summons 3 hostile demons
 14452 | D:12     | Noticed a two-headed ogre
 14454 | D:12     | XOM: 3-stop teleportation journey
 14722 | D:12     | Learned a level 3 spell: Fugue of the Fallen
 14850 | D:12     | XOM: draining
 14895 | D:12     | Noticed a boulder beetle
 14901 | D:12     | XOM: give mutations
 14901 | D:12     | Lost mutation: Your movements are slightly less encumbered
                  | by armour. (ER -2) [Xom's mischief]
 14901 | D:12     | Lost mutation: You are strong-willed. (Will+) [Xom's
                  | mischief]
 14901 | D:12     | Lost mutation: Your muscles are strong. (Str +4, Int/Dex
                  | -1) [Xom's mischief]
 14901 | D:12     | Lost mutation: You have sharp fingernails. [Xom's mischief]
 14903 | D:12     | XOM: summons 4 hostile demons
 14907 | D:12     | XOM: chaos upgrade
 14923 | D:12     | XOM: blink monster(s)
 14936 | D:12     | Reached skill level 1 in Necromancy
 14966 | D:12     | XOM: polymorph boulder beetle -> boulder beetle
 14970 | D:12     | XOM: blink monster(s)
 14974 | D:12     | Killed a boulder beetle
 15332 | D:12     | XOM: give mutation
 15332 | D:12     | Lost mutation: You expend magic power (3 MP) to strengthen
                  | your wands. [Xom's mischief]
 15397 | D:12     | XOM: silly message
 15585 | D:13     | XOM: give mutation
 15585 | D:13     | Lost mutation: You are agile. (Dex +4, Str/Int -1) [Xom's
                  | mischief]
 15616 | D:13     | Noticed a centaur warrior
 15629 | D:13     | Killed a centaur warrior
 15762 | D:13     | Noticed a boulder beetle
 15777 | D:13     | XOM: enchant monster (bad)
 15953 | D:13     | XOM is BORED!
 15953 | D:13     | XOM: summons 2 hostile demons
 16086 | D:13     | XOM: cleaving
 16110 | D:13     | Reached skill level 14 in Unarmed Combat
 16272 | D:13     | XOM: scenery: create altars
 16275 | D:13     | XOM: confuse monster(s)
 16290 | D:13     | HP: 5/112 [komodo dragon (20)]
 16577 | D:13     | XOM: 4-stop teleportation journey
 16800 | D:13     | Reached skill level 10 in Translocations
 16800 | D:13     | Gained mutation: You can use your snake-like lower body to
                  | constrict enemies. [Naga growth]
 16800 | D:13     | Reached XP level 13. HP: 93/121 MP: 0/13
 17116 | D:13     | XOM: noise
 17142 | D:13     | XOM: confuse monster(s)
 17274 | D:14     | XOM: polymorph orc wizard -> bombardier beetle
 17338 | D:14     | Found a gate to the Vaults.
 17338 | D:14     | Noticed an entropy weaver
 17344 | D:14     | XOM: divination: detect items
 17363 | D:14     | XOM: potion effect (curing)
 17364 | D:14     | Killed an entropy weaver
 17371 | D:14     | XOM: fog
 17670 | D:6      | Bought a distressingly furry plate armour for 756 gold
                  | pieces
 17670 | D:6      | Identified the +0 plate armour "Qaseanar" {*Slow rPois
                  | rF+++ Int-2} (You bought it in a shop on level 6 of the
                  | Dungeon)
 17830 | D:9      | XOM: cloud trail
 17870 | D:9      | XOM: polymorph centaur -> jackal
 17877 | D:9      | Found a staircase to the Lair.
 18033 | D:9      | XOM: summons 9 friendly demons
 18036 | D:9      | Reached skill level 1 in Spellcasting
 18279 | Lair:1   | Entered Level 1 of the Lair of Beasts
 18297 | Lair:1   | Learned a level 4 spell: Animate Dead
 18381 | Lair:1   | XOM: scenery: create altars
 18432 | Lair:1   | XOM: scenery: create altars
 18435 | Lair:1   | XOM: enchant monster (bad)
 18443 | Lair:1   | XOM: give mutations
 18443 | Lair:1   | Gained mutation: You are partially covered in iridescent
                  | scales. (AC +2) [Xom's mischief]
 18443 | Lair:1   | Lost mutation: You are covered in fur. (AC +1) [Xom's
                  | mischief]
 18502 | Lair:1   | XOM: summons 3 hostile shadow creatures
 18603 | Lair:1   | XOM: swap monsters
 18611 | Lair:1   | XOM: polymorph yak -> eye of devastation
 18628 | Lair:1   | XOM: 2-stop teleportation journey
 18632 | Lair:1   | Noticed Gastronok
 18654 | Lair:1   | Killed Gastronok
 18655 | Lair:1   | Reached skill level 5 in Spellcasting
 18655 | Lair:1   | Reached skill level 5 in Necromancy
 18668 | Lair:1   | Learned a level 6 spell: Death Channel
 18921 | Lair:1   | Found a transporter.
 18925 | Lair:1   | Found a transporter.
 19333 | Lair:2   | XOM: divination: detect items
 19335 | Lair:2   | XOM: enchant monster (good)
 19816 | Lair:2   | Found a staircase to the Swamp.
 20130 | Lair:2   | XOM: confuse monster(s)
 20443 | Lair:3   | XOM: noise
 20455 | Lair:2   | XOM: summons 2 friendly demons
 20465 | Lair:2   | HP: 3/114 [bullfrog (5)]
 20579 | Lair:3   | Reached XP level 14. HP: 123/123 MP: 12/21
 20721 | Lair:3   | Found a transporter.
 20801 | Lair:3   | XOM: swap monsters
 20986 | Lair:3   | XOM: 3-stop teleportation journey
 21012 | Lair:3   | XOM: cast spell 'Summon Ice Beast'
 21028 | Lair:3   | Reached skill level 10 in Necromancy
 21107 | Lair:3   | XOM: destruction
 21131 | Lair:3   | Found a transporter.
 21166 | Lair:3   | XOM: give mutations
 21166 | Lair:3   | Gained mutation: Your body sometimes deteriorates upon
                  | taking damage. [Xom's mischief]
 21166 | Lair:3   | Lost mutation: Your spells are harder to cast, but more
                  | powerful. [Xom's mischief]
 21166 | Lair:3   | Gained mutation: Your muscles are strong. (Str +4, Int/Dex
                  | -1) [Xom's mischief]
 21166 | Lair:3   | Gained mutation: You expend magic power (3 MP) to
                  | strengthen your wands. [Xom's mischief]
 21211 | Lair:3   | Found a hole to the Spider Nest.
 21336 | Lair:3   | XOM: summons 1 hostile shadow creature
 21620 | Lair:4   | Reached skill level 1 in Evocations
 21718 | Lair:4   | XOM: blink monster(s)
 21727 | Lair:4   | XOM: 1-stop teleportation journey
 21796 | Lair:4   | XOM: torment (58/129 hp)
 21841 | Lair:4   | XOM: 3-stop teleportation journey
 21932 | Lair:4   | XOM: summons 1 hostile shadow creature
 22586 | Lair:5   | Entered Level 5 of the Lair of Beasts
 22587 | Lair:5   | XOM: enchant monster (good)
 22646 | Lair:5   | Reached skill level 5 in Evocations
 22760 | Lair:5   | XOM: 2-stop teleportation journey
 22791 | Lair:5   | XOM: 1-stop teleportation journey
 22796 | Lair:5   | XOM: summons 6 friendly demons
 22880 | Lair:5   | Reached XP level 15. HP: 72/135 MP: 22/22
 22950 | Lair:5   | a yak changed into an azure jelly
 22950 | Lair:5   | Noticed an azure jelly
 22950 | Lair:5   | XOM: polymorph yak -> azure jelly
 23159 | Lair:5   | XOM: 2-stop teleportation journey
 23161 | Lair:5   | XOM: scenery: summon butterflies
 23211 | Lair:5   | XOM: cloud trail
 23495 | Lair:5   | XOM: confuse monster(s)
 23563 | Lair:5   | Killed an azure jelly
 23790 | Lair:5   | Found a staircase to the Slime Pits.
 24432 | D:14     | Found a basalt altar of Yredelemnul.
 24443 | D:14     | XOM: potion effect (curing)
 24522 | D:14     | XOM: silly message
 24589 | D:14     | XOM: cloud trail
 24669 | D:14     | XOM: cast spell 'Cause Fear'
 24679 | D:14     | XOM: noise
 24793 | D:14     | XOM: god gift: potion of degeneration
 24915 | D:14     | XOM: god gift: wand of mindburst (4)
 25303 | D:15     | Entered Level 15 of the Dungeon
 25334 | D:15     | Found a staircase to the Depths.
 25449 | D:15     | XOM: summons friendly quasit
 25450 | D:15     | Found Paycor's Antique Armour Shoppe.
 25450 | D:15     | XOM: 2-stop teleportation journey
 25453 | D:15     | XOM: cast spell 'Discord'
 25547 | D:15     | XOM: divination: detect items
 25790 | D:15     | XOM: enchant monster (bad)
 25804 | D:15     | Reached skill level 5 in Armour
 25809 | D:15     | Bought a pair of glowing gloves for 240 gold pieces
 25928 | D:15     | XOM: summons friendly white imp
 26091 | D:15     | XOM: scenery: create altars
 26233 | D:15     | XOM: god gift: 42 gold pieces
 26401 | D:15     | Found an opulent altar of Gozag.
 26417 | D:15     | XOM: god gift: wand of charming (6)
 26651 | Orc:1    | Entered Level 1 of the Orcish Mines
 26652 | Orc:1    | XOM: cloud trail
 26808 | Orc:1    | Found Arioq's Assorted Antiques.
 26808 | Orc:1    | XOM: 3-stop teleportation journey
 26818 | Orc:1    | XOM: noise
 27010 | Orc:1    | XOM: 2-stop teleportation journey
 27307 | Orc:1    | Bought a scorched leather armour for 203 gold pieces
 27307 | Orc:1    | Identified the +1 leather armour "Gijezot" {*Corrode Int+5}
                  | (You bought it in a shop on level 1 of the Orcish Mines)
 27423 | Orc:1    | XOM: stat loss: -1 Str (18/19)
 27430 | Orc:1    | XOM: silly message
 27434 | Orc:1    | XOM: confuse monster(s)
 27564 | Temple   | Entered the Ecumenical Temple
 27598 | Temple   | Fell from the grace of Xom
 27598 | Temple   | Became a worshipper of Kikubaaqudgha
 27791 | Spider:1 | Entered Level 1 of the Spider Nest
 27825 | Spider:1 | XOM: polymorph jumping spider -> shapeshifter
 27886 | Lair:3   | XOM: summons 5 hostile demons
 27897 | Spider:1 | Reached XP level 16. HP: 62/146 MP: 24/24
 27908 | Spider:1 | Learned a level 6 spell: Dispersal
 28095 | Spider:1 | XOM: give mutations
 28095 | Spider:1 | Gained mutation: You are mostly covered in iridescent
                  | scales. (AC +4) [Xom's grace]
 28095 | Spider:1 | Gained mutation: You passively dampen the noise of your
                  | surroundings. [Xom's grace]
 28095 | Spider:1 | Gained mutation: You have very sharp teeth. [Xom's grace]
 28095 | Spider:1 | Gained mutation: A frigid envelope surrounds you and
                  | freezes all who hurt you. [Xom's grace]
 28102 | Spider:1 | Reached * piety under Kikubaaqudgha
 28102 | Spider:1 | Received a gift from Kikubaaqudgha
 28124 | Spider:1 | Reached skill level 10 in Fighting
 28267 | Spider:1 | XOM: stat loss: -3 Dex (10/13)
 28279 | Spider:1 | XOM: give mutations
 28279 | Spider:1 | Gained mutation: Your body often deteriorates upon taking
                  | damage. [Xom's mischief]
 28279 | Spider:1 | Lost mutation: Your mind is very acute. (Int +8, Str/Dex
                  | -2) [Xom's mischief]
 28401 | Spider:1 | Reached ** piety under Kikubaaqudgha
 28735 | Spider:1 | Noticed Nikola
 28750 | Spider:1 | Killed Nikola
 28892 | Spider:1 | XOM: give mutations
 28892 | Spider:1 | Lost mutation: You are mostly covered in iridescent scales.
                  | (AC +4) [Xom's mischief]
 28892 | Spider:1 | Lost mutation: You passively dampen the noise of your
                  | surroundings. [Xom's mischief]
 28956 | Spider:1 | Reached skill level 15 in Unarmed Combat
 29066 | Spider:1 | Noticed Frances
 29076 | Spider:1 | HP: 6/147 [Frances/iron shot (69)]
 29082 | Spider:1 | Killed Frances
 29154 | Spider:1 | Identified the +6 war axe of Youthful Indiscretion {vamp,
                  | Dex+3}
 29450 | Spider:1 | Learned a level 2 spell: Sublimation of Blood
 30282 | Spider:2 | Identified a scroll of acquirement
 30566 | Spider:3 | XOM: polymorph demonic crawler -> rust devil
 30808 | Spider:3 | Reached XP level 17. HP: 131/155 MP: 28/28
 30897 | Spider:3 | Reached *** piety under Kikubaaqudgha
 30897 | Spider:3 | Received a gift from Kikubaaqudgha
 30987 | Spider:3 | XOM: 2-stop teleportation journey
 31094 | Spider:3 | Acquired 865 gold pieces
 31612 | Spider:3 | XOM: noise
 32457 | Spider:4 | Entered Level 4 of the Spider Nest
 32778 | Spider:4 | Noticed Mlioglotl
 32801 | Spider:4 | Killed Mlioglotl
 32998 | Spider:4 | XOM: 2-stop teleportation journey
 33760 | Spider:4 | Identified the +1 hat of Disguise {Will+ Int+3}
 33764 | Spider:4 | Got a gossamer rune of Zot
 34772 | Vaults:1 | Entered Level 1 of the Vaults
 34894 | Vaults:1 | Paralysed by a formless jellyfish for 1 turns
 34901 | Vaults:1 | Paralysed by a formless jellyfish for 1 turns
 34902 | Vaults:1 | Slain by a formless jellyfish

Illustrated notes

Levels and vault maps discovered:
D:1:      dpeg_arrival_tiny_a, layout_basic, serial_shops, shop,
          shapermc_ecumenical_altar_rom_forum, kennysheep_another_room
D:2:      layout_basic, small_statue_intersection, hangedman_feature_mirror,
          st_stairs_14, kennysheep_donut
D:3:      layout_basic, grunt_decor_mini_mirrors, small_statue_alley_b,
          minmay_fountain_box, dreamdust_princess_bridge, minmay_vboxes
D:4:      layout_loops_ring, minmay_overflow_temple_star_hex,
          kennysheep_generic_room_8
D:5:      minmay_thinvault, layout_basic, mainiacjoe_overflow_24_doors
D:6:      kennysheep_big_flooded_room, layout_loops_corners,
          mainiacjoe_overflow_boulevard, serial_shops, shop, uniq_duvessa
D:7:      layout_loops_cross, xom_shifter_show,
          minmay_temple_entry_enclosed_plants, minmay_misc_feat_room,
          uniq_menkaure
D:8:      layout_basic, serial_undead, serial_undead_c, serial_undead_e,
          serial_undead_b, serial_undead_e, uniq_grum, uniq_maggie,
          uniq_prince_ribbit1
D:9:      layout_cave_pods, gammafunk_temple_overflow_statue, lair_entry_dummy,
          david_orc_5
D:10:     minmay_imperfect_grid, layout_loops_ring, minmay_misc_feat_diagonals
D:11:     layout_long_grid, mainiacjoe_labyrinth_nostalgia
D:12:     layout_irregular_city
D:13:     layout_basic, special_room [special_room_bee], minmay_lizard_king
D:14:     layout_cave_pods, hellmonk_vaults_order_and_chaos, old_standard_altar
D:15:     grunt_enter_depths_hoard, layout_cave_pools, grunt_gozag_breadcrumbs,
          serial_shops, shop, nicolae_kite_square_tiling_tiny
Temple:   minmay_temple_bridge_abc
Lair:1:   gammafunk_boulding_lane, layout_long_grid, uniq_gastronok
Lair:2:   layout_cave_pods, minmay_swamp_entry_worms
Lair:3:   gammafunk_cloud_chamber, layout_cave_shapes,
          spider_nest_entry_funnel_web, serial_bayou_shore_a,
          infiniplex_staircase_pool_2
Lair:4:   layout_loops_ring
Lair:5:   evilmike_catoblepas_cave, layout_small_grid,
          dpeg_slime_entry_enclosed, serial_rivers,
          chequers_serial_rivers_room_b, chequers_serial_rivers_micro_b,
          chequers_serial_rivers_micro_c, chequers_serial_rivers_marsh,
          chequers_serial_rivers_micro_d, chequers_serial_rivers_small_b,
          nicolae_quartered_pool_medium, chequers_serial_rivers_micro_d,
          st_stairs_6
Spider:1: nicolae_spider_mines_2, nicolae_spider_rock_and_or_roll, uniq_nikola,
          uniq_frances
Spider:2: layout_spider_delve
Spider:3: layout_chambers
Spider:4: hellmonk_spider_rune_bug_friends, hangedman_spider_tarantella_strand,
          uniq_mlioglotl
Orc:1:    nicolae_orc_accident_2, layout_diamond_mine, serial_shops, shop
Vaults:1: portal_desolation_entry_nicolae_nacl,
          nicolae_vaults_closet_pinwheel_6, vaults_mumra_chevron_long,
          nicolae_vaults_bisected_exclaves, hangedman_vaults_corner, v_misc_15,
          nicolae_vaults_double_plus_3, vaults_room_pool,
          nicolae_vaults_tetromino_Z_2, nicolae_vaults_storage_closets_1,
          nicolae_vaults_network_square, nicolae_vaults_trapezoid_lopsided_4,
          vaults_room_semicircle, nicolae_vaults_murder_corner,
          nicolae_vaults_more_shelving_1, ontoclasm_vaults_loading_screen,
          ontoclasm_vaults_loading_screen, layout_vaults_omnicross,
          serial_shops, nicolae_shop_hallway_plus

Skill      XL: |  1  2  3  4  5  6  7  8  9 10 11 12 13 14 15 16 17 |
---------------+----------------------------------------------------+-----
Unarmed Combat | 4 5 6 8 9 10 12 13 14 15 | 15.7
Translocations | 3 6 7 9 10 11 12 | 12.2
Dodging        | 2 4 5 7 8 9 |  9.3
Fighting       | 4 6 7 9 10 11 | 11.5
Armour         | 2 4 5 |  5.3
Necromancy     | 3 8 12 13 14 | 14.0
Spellcasting   | 5 7 9 |  9.1
Evocations     | 6 8 9 |  9.7

Action                     |  1- 3 |  4- 6 |  7- 9 | 10-12 | 13-15 | 16-18 || total
---------------------------+-------+-------+-------+-------+-------+-------++-------
  Melee: Unarmed           |   122 |   176 |   270 |   793 |   953 |   476 ||  2790
         Punch             |     2 |     8 |    16 |    70 |   125 |    52 ||   273
         Constrict         |       |       |       |       |   161 |    72 ||   233
         Bite              |       |       |       |       |       |    70 ||    70
   Cast: Manifold Assault  |       |       |       |    10 |    38 |   135 ||   183
         Teleport Other    |       |       |       |    45 |    31 |     6 ||    82
         Animate Dead      |       |       |       |       |    32 |    28 ||    60
         Death Channel     |       |       |       |       |    30 |    40 ||    70
         Fugue of the Fall |       |       |       |       |     1 |    21 ||    22
         Sublimation of Bl |       |       |       |       |       |    15 ||    15
         Dispersal         |       |       |       |       |       |     1 ||     1
 Invoke: Unearth Wretches  |       |       |       |       |       |    10 ||    10
Ability: Spit Poison       |     2 |     1 |     1 |     7 |     4 |    10 ||    25
  Evoke: Wand              |       |       |     3 |    39 |    23 |     5 ||    70
         Condenser vane    |       |       |       |     3 |     4 |     2 ||     9
         Lightning rod     |       |       |       |       |       |     2 ||     2
    Use: Scroll            |     5 |     3 |     5 |    17 |     6 |     4 ||    40
         Potion            |     3 |     4 |     4 |    10 |     7 |     5 ||    33
   Stab: Sleeping          |       |       |     4 |     6 |       |       ||    10
         Distracted        |       |       |     1 |       |     9 |     9 ||    19
         Paralysed         |       |       |     1 |       |       |     5 ||     6
         Confused          |       |       |       |    11 |     6 |       ||    17
         Invisible         |       |       |       |     2 |       |       ||     2
         Petrified         |       |       |       |       |    13 |       ||    13
         Petrifying        |       |       |       |       |     2 |       ||     2
 Armour: Leather armour    |    76 |   114 |   247 |   760 |  1018 |   463 ||  2678
         Skin              |       |       |       |    26 |       |       ||    26
  Dodge: Dodged            |    50 |    63 |   129 |   625 |   552 |   267 ||  1686
  Block: Other             |       |       |       |   138 |       |       ||   138
         Reflection        |       |       |       |     8 |       |       ||     8
